 Dungeon Crawl Stone Soup version 0.30.1-11-g7821555f0a (webtiles) character file.

Game seed: 8693040544380859148

35 Okkudo the Chopper (level 3, -4/33 HPs)
             Began as a Hill Orc Monk on Dec 1, 2023.
             Slain by Terence
             ... wielding a +0 hand axe
              (7 damage)
             ... on level 2 of the Dungeon.
             The game lasted 00:02:41 (884 turns).

Okkudo the Chopper (Hill Orc Monk)                   Turns: 884, Time: 00:02:42

Health: -4/33      AC:  3    Str: 15    XL:     3   Next: 33%
Magic:  3/3        EV: 12    Int: 10    God:
Gold:   113        SH:  0    Dex: 13    Spells: 2/2 levels left

rFire   . . .        a - +0 hand axe
rCold   + . .        d - orb {light}
rNeg    . . .        b - +0 robe
rPois   .            (no helmet)
rElec   .            (no cloak)
rCorr   .            (no gloves)
SInv    .            g - +0 pair of boots
Will    .....        (no amulet)
Stlth   +            j - ring of protection from cold
HPRegen 0.25/turn    (no ring)
MPRegen 0.08/turn

%: no passive effects
@: glowing
A: no striking features
a: no special abilities


You were on level 2 of the Dungeon.
You visited 1 branch of the dungeon, and saw 2 of its levels.

You collected 113 gold pieces.

Inventory:

Hand Weapons
 a - a +0 hand axe (weapon)
Armour
 b - a +0 robe (worn)
 d - an orb of light (worn)
 g - a +0 pair of boots (worn)
Jewellery
 j - a ring of protection from cold (left hand)
Scrolls
 f - a scroll of fog {unknown}
 h - a scroll of fear {unknown}
 k - a scroll of teleportation {unknown}
 l - a scroll of identify {unknown}
Potions
 c - a potion of ambrosia
 e - 2 potions of curing {unknown}
 i - a potion of haste {unknown}
 m - 2 potions of heal wounds {unknown}


   Skills:
 - Level 4.1 Fighting
 * Level 4.9 Axes
 - Level 2.7 Dodging


You had 2 spell levels left.
You didn't know any spells.
Your spell library contained the following spells:

 Spells                   Type           Power      Damage    Failure   Level
 Ensorcelled Hibernation  Hex/Ice        0%         N/A       50%         2
 Passwall                 Tmut/Erth      0%         N/A       50%         2
 Swiftness                Air            0%         N/A       75%         3


Dungeon Overview and Level Annotations

Branches:
Dungeon (2/15)

Altars:
Uskayaw

Annotations:
D:2 Terence


Message History

You hit Terence.
Terence is moderately wounded.
Terence screams, "I'm going to kill you!"
Terence hits you with a +0 hand axe.
You barely miss Terence.
Terence is moderately wounded.
Terence barely misses you.
You hit Terence.
Terence is moderately wounded.
Terence misses you.
You barely miss Terence.
Terence is moderately wounded.
Terence hits you but does no damage.
You hit Terence but do no damage.
Terence is moderately wounded.
Terence completely misses you. Terence hits you with a +0 hand axe.
* * * LOW HITPOINT WARNING * * *
You hit Terence but do no damage.
Terence is moderately wounded.
Terence hits you but does no damage.
You hit Terence but do no damage.
Terence is moderately wounded.
Terence hits you but does no damage.
You hit Terence but do no damage.
Terence is moderately wounded.
Terence misses you.
You barely miss Terence.
Terence is moderately wounded.
Terence closely misses you.
You hit Terence.
Terence is heavily wounded.
Terence hits you with a +0 hand axe!
* * * LOW HITPOINT WARNING * * *
You hit Terence.
Terence is severely wounded.
Terence misses you.
You hit Terence but do no damage.
Terence is severely wounded.
Terence hits you with a +0 hand axe!
You die...

. .. ... .... ##
..... #######...
......#####.........
........@@.<##......
......######........
..... #...........
.$.. #...........
... ...._........ ..
###.....$..... .
#...........
............
.............


You could see Terence.

Vanquished Creatures
  A dart slug (D:1)
  A ball python (D:1)
  An endoplasm (D:1)
  A giant cockroach (D:1)
  A goblin (D:1)
  6 hobgoblins (D:1)
  5 jackals (D:1)
  4 kobolds (D:1)
  2 bats (D:1)
  6 rats (D:1)
28 creatures vanquished.

Notes
Turn   | Place    | Note
-------+----------+-------------------------------------------
     0 | D:1      | Okkudo the Hill Orc Monk began the quest for the Orb.
     0 | D:1      | Reached XP level 1. HP: 19/19 MP: 1/1
   155 | D:1      | Reached XP level 2. HP: 27/27 MP: 2/2
   450 | D:1      | Reached XP level 3. HP: 33/33 MP: 3/3
   603 | D:1      | Found a faded altar of an unknown god.
   857 | D:2      | Noticed Terence
   858 | D:2      | Found a hide-covered altar of Uskayaw.
   884 | D:2      | Slain by Terence

Illustrated notes

Levels and vault maps discovered:
D:1:      dpeg_arrival_three_same_balls, layout_loops_ring,
          shapermc_ecumenical_altar_acropolis, dreamdust_mushroom_princess,
          solitary_fountain
D:2:      layout_rooms, basic_altar, uniq_terence, uniq_jessica

Skill      XL: |  1  2 |
---------------+-------+-----
Fighting       | 4 |  4.1
Axes           | |  4.9
Dodging        | |  2.7

Action                     || total
---------------------------++-------
  Melee: Hand axe          ||    94
 Armour: Robe              ||    43
  Dodge: Dodged            ||    65
